 Dungeon Crawl Stone Soup version bcrawl-1.22 (webtiles) character file.

Game seed: 5442155174404081012

22025 Chiseanne the Markscentaur (level 12, -7/113 HPs)
             Began as a Centaur Archaeologist on May 5, 2020.
             Was an Initiate of Gozag.
             Mangled by a slime creature (12 damage)
             ... on level 12 of the Dungeon on May 19, 2020.
             The game lasted 00:43:55 (15192 turns).

Chiseanne the Markscentaur (Centaur Archaeologist) Turns: 15192, Time: 00:43:56

Health: -7/113     AC: 17    Str: 16    XL:     12   Next: 59%
Magic:  10/12      EV:  7    Int: 14    God:    Gozag
Gold:   976        SH:  0    Dex: 14    Spells: 11/11 levels left

rFire    + . .     SeeInvis .   a - +5 scythe "Finisher" {speed, eviscerate}
rCold    . . .     Gourm    .   (shield currently unavailable)
rNeg     . . .     Faith    .   H - +3 chain mail {rF+}
rPois    +         Spirit   .   c - +2 hat
rElec    .         Reflect  .   x - scarf {repulsion}
rCorr    .         Harm     .   v - +0 pair of gloves
MR       .....                  (no barding)
Stlth    ..........             (no amulet)
HPRegen  0.28/turn              o - ring of poison resistance
MPRegen  0.13/turn              k - +4 ring of dexterity

@: repel missiles, very quick
A: large, hooves 3, deformed body, speed 2, tough skin 3
a: Potion Petition, Call Merchant, Bribe Branch, Renounce Religion


You were on level 12 of the Dungeon.
You worshipped Gozag.
Gozag was pleased with you.
You were not hungry.

You visited 2 branches of the dungeon, and saw 13 of its levels.

You collected 2141 gold pieces.
You spent 488 gold pieces at shops.
You paid 677 gold pieces to Gozag.

Inventory:

Hand Weapons
 a - the +5 scythe "Finisher" (weapon) {speed, eviscerate}
   (You found it on level 8 of the Dungeon)

   Attacks with this weapon are significantly faster.
 l - a +0 scimitar of flaming
 s - a +7 short sword of venom
 w - a +0 longbow
 J - a +0 dagger of electrocution
 K - a +1 long sword of protection
Missiles
 d - 1788 stones
 m - 3 throwing nets {!f}
 p - 591 bolts
 y - 2030 arrows
 B - 201 poisoned needles
 D - 400 tomahawks (quivered)
 E - 1491 sling bullets
 M - 81 poisoned tomahawks
Armour
 c - a +2 hat (worn)
 v - a +0 pair of gloves (worn)
 x - a scarf of repulsion (worn)
 C - a +1 hat
 H - a +3 chain mail of fire resistance (worn)
 I - a +0 buckler of cold resistance
 O - a +0 medium shield
 P - a +2 cloak
Jewellery
 k - a +4 ring of dexterity (right hand)
 o - a ring of poison resistance (left hand)
 Q - an uncursed ring of protection from fire
Wands
 A - a wand of flame (10)
Scrolls
 b - 2 scrolls of remove curse
 f - a scroll of brand weapon {unknown}
 g - a scroll of magic mapping
 r - 5 scrolls of teleportation
 F - a scroll of immolation
 G - 3 scrolls of amnesia
 T - a scroll of enchant armour
Potions
 h - 4 potions of brilliance
 i - 4 potions of flight
 j - 4 potions of haste
 n - 3 potions of curing
 q - a potion of lignification
 t - a potion of magic
 u - a potion of mutation {unknown}
 z - a potion of berserk rage
 L - a potion of invisibility {unknown}
Comestibles
 e - 5 rations {!d}


   Skills:
 - Level 12.7 Fighting
   Level 0.8 Maces & Flails
 - Level 16.4 Bows
 * Level 9.8 Armour
 * Level 4.9 Dodging
 - Level 2.0 Stealth


You had 11 spell levels left.
You didn't know any spells.
Your spell library contained the following spells:

 Spells                   Type           Power        Failure   Level  Hunger
 Beastly Appendage        Tmut           #.....       97%         1    ##.....
 Magic Dart               Conj           #...         97%         1    ##.....
 Searing Ray              Conj           #.......     99%         2    ###....
 Sticks to Snakes         Tmut           #.......     99%         2    ###....
 Iskenderun's Mystic Bla  Conj           #.......     100%        3    ####...
 Spider Form              Tmut/Pois      #..          100%        3    ####...
 Fulminant Prism          Conj/Hex       #.........   100%        4    #####..
 Ice Form                 Ice/Tmut       #.......     100%        4    #####..
 Blade Hands              Tmut           #.........   100%        5    ######.
 Irradiate                Conj/Tmut      #.........   100%        5    ######.


Dungeon Overview and Level Annotations

Branches:
Dungeon (12/12)            Temple (1/1) D:7            Lair (0/6) D:7
    Orc (0/1) D:10
 Vaults: D:11-12     Depths: D:12

Altars:
Ashenzari
Cheibriados
Dithmenos
Elyvilon
Fedhas
Gozag
Hepliaklqana
Kikubaaqudgha
Lugonu
Makhleb
Nemelex Xobeh
Okawaru
Qazlal
Ru
Sif Muna
Trog
Uskayaw
Vehumet
Wu Jian
Xom
Yredelemnul
Zin
The Shining One

Shops:
D:8 (   D:9 (   D:11 %

Annotations:
D:4 1 runed translucent door, Mrkan's ghost, novice MfGl
D:7 2 transporters


Innate Abilities, Weirdness & Mutations

You have hooves in place of feet.
Armour fits poorly on your strangely shaped body.
You cover ground very quickly.
You have extremely tough skin. (AC +3)


Message History

An eye of draining comes into view.
You barely miss the slime creature.
The slime creature is severely wounded.
The eye of draining turns its gaze towards you.
The slime creature hits you!
* * * LOW HITPOINT WARNING * * *
The slime creature hits you but does no damage.
The slime creature hits you!
* * * LOW HITPOINT WARNING * * *
The eye of draining gazes at you.
You feel your power leaking away.
You barely miss the slime creature.
You kick the slime creature, but do no damage.
The slime creature is severely wounded.
A centaur warrior skeleton comes into view.
The slime creature hits you!
* * * LOW HITPOINT WARNING * * *
The slime creature hits you!
You die...
Your body crumbles into a pile of gold.

.. #.$ .. ##...)##
....###$###....##...).##
J.............##...)....
#.# ##...[##### #)#
#....## #.# #.####
###.######.#
#..J.......#
#..@J...#### #.......#
###'##### .... #.....
#.....# #...GZ# $
#.....# ......#


You could see 2 slime creatures, an eye of draining and a centaur warrior
skeleton (wandering).

Vanquished Creatures
  Gastronok (D:8)
  Harold (D:8)
  2 centaur warriors
  A tengu warrior (D:12)
  3 two-headed ogres
  Pikel (D:9)
  2 cyclopes (D:10)
  2 manticores
  3 centaur zombies
  3 centaur skeletons
  An efreet (D:10)
  A tengu conjurer (D:12)
  4 trolls
  A hornet (D:7)
  4 hippogriffs
  A slime creature (D:12)
  A centaur simulacrum (D:11)
  Sigmund (D:3)
  A human (D:10)
  2 wyverns (D:9)
  A vampire (D:11)
  A shadow (D:10)
  A basilisk (D:10)
  3 yaks (D:9)
  5 hungry ghosts
  An acid dragon (D:8)
  2 crocodiles
  A warg (D:10)
  2 water moccasins
  3 orc warriors
  A slave (D:9)
  A black bear (D:7)
  7 sky beasts
  A necrophage (D:9)
  A phantom (D:10)
  7 ogres
  8 centaurs
  3 big kobolds
  3 bullfrogs
  3 scorpions
  10 killer bees
  3 howler monkeys
  A bullfrog zombie (D:7)
  7 crimson imps
  2 quasits
  5 hounds
  A bullfrog skeleton (D:6)
  5 orc priests
  3 jellies
  11 orc wizards
  Natasha (thrice) (D:4)
  An iguana (D:4)
  6 worker ants
  A hound zombie (D:6)
  A hound skeleton (D:4)
  3 gnolls (D:7)
  10 adders
  A shadow imp (D:9)
  An ooze (D:3)
  3 adder zombies
  3 adder skeletons
  2 worms
  3 dart slugs
  3 leopard geckos
  34 orcs
  8 bats
  4 giant cockroaches
  11 goblins
  7 hobgoblins
  9 jackals
  8 quokkas
  4 ball pythons
  8 frilled lizards
  22 kobolds
  A quokka skeleton (D:4)
  A quokka zombie (D:5)
  9 rats
306 creatures vanquished.

Vanquished Creatures (others)
  A slave (D:9)
  An orc wizard (D:10)
  A kobold (D:6)
3 creatures vanquished.

Grand Total: 309 creatures vanquished

Notes
Turn   | Place    | Note
-------+----------+-------------------------------------------
     0 | D:1      | Chiseanne the Centaur Archaeologist began the quest for the
                  | Orb.
     0 | D:1      | Reached XP level 1. HP: 16/16 MP: 1/1
   173 | D:1      | Reached XP level 2. HP: 23/23 MP: 2/2
   968 | D:2      | Reached XP level 3. HP: 29/29 MP: 3/3
  1495 | D:2      | Found a stormy altar of Qazlal.
  1568 | D:2      | Reached XP level 4. HP: 36/37 MP: 4/4
  2178 | D:2      | Found a burning altar of Makhleb.
  2837 | D:3      | Noticed Sigmund
  2872 | D:3      | Killed Sigmund
  2872 | D:3      | Reached XP level 5. HP: 15/46 MP: 5/5
  2872 | D:3      | Reached XP level 6. HP: 17/52 MP: 6/6
  2872 | D:3      | Identified a scroll of acquirement
  3064 | D:3      | Identified the ring of the Blind Eye {rElec Str+2} (You
                  | acquired it on level 3 of the Dungeon)
  3695 | D:3      | Found a sparkling altar of Nemelex Xobeh.
  3701 | D:3      | Found a hide-covered altar of Uskayaw.
  4092 | D:4      | Noticed Natasha
  4101 | D:4      | Killed Natasha
  4101 | D:4      | Reached skill level 5 in Fighting
  4261 | D:4      | Found a runed translucent door.
  4264 | D:4      | Noticed Mrkan's ghost (novice MfGl)
  4303 | D:4      | Reached XP level 7. HP: 56/61 MP: 7/7
  4333 | D:4      | Noticed Natasha
  4342 | D:4      | Killed Natasha
  4361 | D:4      | Noticed Natasha
  4369 | D:4      | Killed Natasha
  4369 | D:4      | Reached skill level 1 in Armour
  4631 | D:5      | Entered Level 5 of the Dungeon
  5029 | D:5      | Noticed a moth of wrath
  5032 | D:5      | Found a bloodstained altar of Trog.
  5273 | D:5      | Reached XP level 8. HP: 46/71 MP: 8/8
  5445 | D:5      | Found a white marble altar of Elyvilon.
  6081 | D:6      | Found an ancient bone altar of Kikubaaqudgha.
  7065 | D:7      | Reached XP level 9. HP: 76/82 MP: 9/9
  7106 | D:7      | Reached skill level 5 in Armour
  7137 | D:7      | HP: 4/82 [killer bee (7)]
  7143 | D:7      | HP: 2/82 [poisoned by a killer bee]
  7150 | D:7      | HP: 2/82 [poisoned by a killer bee]
  7158 | D:7      | HP: 2/82 [poisoned by a killer bee]
  7589 | D:7      | Found a staircase to the Lair.
  7759 | D:7      | Found a staircase to the Ecumenical Temple.
  7769 | Temple   | Entered the Ecumenical Temple
  7837 | Temple   | Became a worshipper of Gozag Ym Sagoz the Greedy
  7852 | D:7      | Noticed a troll
  7872 | D:7      | Killed a troll
  8197 | D:7      | Found a sacrificial altar of Ru.
  8337 | D:7      | Found a transporter.
  8381 | D:7      | Found a transporter.
  8442 | D:8      | Noticed Harold
  8541 | D:8      | Killed Harold
  8541 | D:8      | Reached skill level 10 in Fighting
  8541 | D:8      | Reached XP level 10. HP: 28/94 MP: 10/10
  9659 | D:8      | Found the +5 scythe "Finisher" {speed, eviscerate}
  9810 | D:8      | Noticed a two-headed ogre
  9831 | D:8      | Killed a two-headed ogre
  9991 | D:8      | Found Qomisutinn's Weapon Shoppe.
 10065 | D:8      | Noticed Gastronok
 10083 | D:8      | Killed Gastronok
 10083 | D:8      | Reached XP level 11. HP: 35/104 MP: 11/11
 10798 | D:9      | Bought an ancient halberd for 288 gold pieces
 10799 | D:9      | Identified the cursed +2 halberd of Lakk {chop, *Noise
                  | *Slow rPois rC+++} (You bought it in a shop on level 9 of
                  | the Dungeon)
 10853 | D:9      | Noticed a centaur warrior
 10872 | D:9      | Killed a centaur warrior
 10981 | D:9      | Found an iron altar of Okawaru.
 11024 | D:9      | Reached skill level 1 in Bows
 11076 | D:9      | Reached skill level 2 in Bows
 11107 | D:9      | Noticed a two-headed ogre
 11116 | D:9      | Killed a two-headed ogre
 11116 | D:9      | Reached skill level 6 in Bows
 11124 | D:9      | Reached skill level 7 in Bows
 11125 | D:9      | Reached skill level 8 in Bows
 11147 | D:9      | Reached skill level 9 in Bows
 11518 | D:9      | Reached skill level 10 in Bows
 11527 | D:9      | Noticed Pikel
 11539 | D:9      | Killed Pikel
 11539 | D:9      | Reached skill level 11 in Bows
 11754 | D:10     | Entered Level 10 of the Dungeon
 11873 | D:10     | Noticed a five-headed hydra
 11879 | D:10     | Noticed a cyclops
 12164 | D:9      | Upgraded the game from bcrawl-1.21.3-16-g7f46a08de7 to
                  | bcrawl-1.22
 12211 | D:10     | Reached skill level 12 in Bows
 12265 | D:10     | Identified the cursed +0 dagger "Pasus" {pierce, MR- Dex+7}
 12272 | D:9      | Reached XP level 12. HP: 78/113 MP: 12/12
 12465 | D:9      | Reached skill level 13 in Bows
 12842 | D:10     | Reached skill level 14 in Bows
 13157 | D:10     | Reached skill level 15 in Bows
 13739 | D:10     | Found a staircase to the Orcish Mines.
 13938 | D:11     | Found Lupiuzegh's Food Shop.
 13970 | D:11     | Reached skill level 16 in Bows
 14164 | D:11     | Bought a ration for 50 gold pieces
 14164 | D:11     | Bought a ration for 50 gold pieces
 14164 | D:11     | Bought a ration for 50 gold pieces
 14164 | D:11     | Bought a ration for 50 gold pieces
 14792 | D:12     | Entered Level 12 of the Dungeon
 14851 | D:12     | Noticed a tengu warrior
 14855 | D:12     | Noticed a centaur warrior
 14861 | D:12     | Noticed a two-headed ogre
 14864 | D:12     | Killed a centaur warrior
 14885 | D:12     | Killed a tengu warrior
 14916 | D:12     | Killed a two-headed ogre
 15192 | D:12     | HP: 5/113 [slime creature (7)]
 15192 | D:12     | Mangled by a slime creature

Skill      XL: |  1  2  3  4  5  6  7  8  9 10 11 12 |
---------------+-------------------------------------+-----
Fighting       | 2 4 5 6 8 10 12 | 12.7
Dodging        | 3 4 |  4.9
Armour         | 2 4 6 8 9 |  9.8
Bows           | 12 16 | 16.4
Maces & Flails | |  0.8
Stealth        | |  2.0

Action                   |  1- 3 |  4- 6 |  7- 9 | 10-12 || total
-------------------------+-------+-------+-------+-------++-------
Melee: Whip              |    31 |       |       |       ||    31
       Kick              |     8 |    24 |    86 |   133 ||   251
       Short sword       |    69 |   176 |   339 |   219 ||   803
       Scythe            |       |       |       |   194 ||   194
 Fire: Longbow           |       |       |       |   115 ||   115
Throw: Tomahawk          |       |       |    13 |    23 ||    36
Invok: Call Merchant     |       |       |       |     1 ||     1
Evoke: Wand              |       |     1 |    11 |    16 ||    28
  Use: Scroll            |     4 |     4 |    14 |    13 ||    35
       Potion            |       |       |     2 |     4 ||     6
 Stab: Sleeping          |     1 |     4 |       |       ||     5
       Paralysed         |       |       |     1 |       ||     1
       Distracted        |       |       |       |     3 ||     3
  Eat: Chunk             |     1 |     7 |    11 |       ||    19
       Ration            |       |       |     2 |    11 ||    13
Armor: Robe              |    34 |    63 |       |       ||    97
       Chain mail        |       |     4 |   277 |   508 ||   789
Dodge: Dodged            |    50 |    73 |   127 |   242 ||   492
       Deflected         |       |       |       |    14 ||    14
